 Dungeon Crawl Stone Soup version 0.31-a0-277-g31ea1f65cc (webtiles) character file.

Game seed: 13981105731307937994

1442 Gelion the Mimic (level 8, -2/70 HPs)
             Began as a Troll Shapeshifter on July 16, 2023.
             Slain by a hornet (5 damage)
             ... on level 5 of the Dungeon.
             The game lasted 00:12:13 (4100 turns).

Gelion the Mimic (Troll Shapeshifter)               Turns: 4100, Time: 00:12:13

Health: -2/70      AC:  2    Str: 30    XL:     8   Next: 46%
Magic:  7/7        EV: 10    Int:  4    God:
Gold:   232        SH:  0    Dex: 12    Spells: 7/7 levels left

rFire   . .          .
                       - Unarmed
rCold   . . .        (shield currently unavailable)
rNeg    . . .        a - +0 animal skin
rPois   .            (helmet restricted)
rElec   .            (no cloak)
rCorr   .            (gloves unavailable)
SInv    +            (boots unavailable)
Will    .....        (no amulet)
Stlth   +            g - ring of see invisible
HPRegen 1.11/turn    d - +6 ring of strength
MPRegen 0.10/turn

%: no passive effects
@: lethally poisoned (-2 -> -3), about to teleport, blade hands, slowed,
studying Shapeshifting, very slow
A: reduced hp, large, unfitting armour, claws 3, regeneration 1, shaggy fur 1,
tough skin 1
a: Begin Untransformation


You were on level 5 of the Dungeon.
You had blades for hands.
You visited 2 branches of the dungeon, and saw 6 of its levels.

You collected 232 gold pieces.

Inventory:

Missiles
 k - 2 throwing nets
Armour
 a - a +0 animal skin (worn)
 v - a +1 cloak
Jewellery
 d - a +6 ring of strength (right blade hand)
 g - a ring of see invisible (left blade hand)
Talismans
 c - a beast talisman
 e - a maw talisman
 r - a blade talisman
Wands
 x - a wand of flame (19)
Scrolls
 s - a scroll of noise {unknown}
 t - 2 scrolls of fog {unknown}
 w - 2 scrolls of revelation {unknown}
Potions
 b - a potion of lignification
 f - 3 potions of curing
 i - 3 potions of ambrosia
 j - 3 potions of haste
 l - 2 potions of attraction {unknown}
 m - 2 potions of heal wounds
 n - a potion of invisibility
 o - 2 potions of mutation {unknown}
 p - a potion of enlightenment
 q - a potion of degeneration {unknown}
 u - a potion of brilliance {unknown}


   Skills:
 + Level 4.1 Fighting
 - Level 1.5 Dodging
 * Level 6.9 Unarmed Combat
 * Level 8.0 Shapeshifting


You had 7 spell levels left.
You didn't know any spells.
Your spell library contained the following spells:

 Spells                   Type           Power      Damage    Failure   Level
 Cigotuvi's Dreadful Rot  Necr/Pois/Air  0%         N/A       94%         2
 Lesser Beckoning         Tloc           0%         N/A       94%         2
 Gell's Gravitas          Tloc           0%         N/A       99%         3
 Ignite Poison            Fire/Tmut/Pois 0%         N/A       99%         3
 Portal Projectile        Hex/Tloc       0%         N/A       99%         3
 Teleport Other           Tloc           0%         N/A       99%         3
 Tukima's Dance           Hex            0%         N/A       99%         3
 Iskenderun's Mystic Bla  Conj/Tloc      0%         2d3       100%        4
 Freezing Cloud           Conj/Ice/Air   0%         6-21      100%        5


Dungeon Overview and Level Annotations

Branches:
Dungeon (5/15)             Temple (1/1) D:5

Altars:
Fedhas
Kikubaaqudgha
Nemelex Xobeh
Okawaru
Uskayaw
Vehumet
Wu Jian
Xom
Yredelemnul
Zin
The Shining One

Shops:
D:3 ?(?[(


Innate Abilities, Weirdness & Mutations

You have blades for hands.
Your maximum health is decreased, since you lack skill for your form.
Your spellcasting is less reliable in this form.
You are incapable of wielding weapons or throwing items.
You are too large for most types of armour.
You have claws for hands.
Your natural rate of healing is unusually fast.
You are covered in fur. (AC +1)
You have tough skin. (AC +1)


Message History

You closely miss the hornet.
The hornet is moderately wounded.
The hornet closely misses you. The hornet stings you.
You feel yourself slow down.
You closely miss the hornet.
The hornet is moderately wounded.
The hornet stings you!
You are poisoned.
You feel as though you will be slow longer.
The hornet stings you!
You suddenly lose the ability to move!
You can move again.
You miss the hornet.
The hornet is moderately wounded.
You feel very sick. The hornet barely misses you. The hornet stings you.
You are more poisoned.
You feel as though you will be slow longer.
You barely miss the hornet.
The hornet is moderately wounded.
You feel extremely sick. The hornet closely misses you.
The hornet barely misses you.
As you read the scroll of teleportation, it crumbles to dust.
You feel strangely unstable.
You feel very sick. The hornet stings you.
You feel as though you will be slow longer.
The hornet stings you.
* * * LOW HITPOINT WARNING * * *
You feel as though you will be slow longer.
You miss the hornet.
The hornet is moderately wounded.
You feel very sick. The hornet stings you.
* * * LOW HITPOINT WARNING * * *
You feel as though you will be slow longer.
The hornet stings you!
* * * LOW HITPOINT WARNING * * *
You feel as though you will be slow longer.
You feel sick. The hornet stings you.
You die...

##.##~##~.#
#.~.#~~#~##
##.##~~~~#
#.~.#~####
##.##~#
#.#~~##
##'##~~#
#~~y##~#
#~~#@~#~#
#~~~###~~~#
#### #####


You could see a hornet.

Vanquished Creatures
  A yak (D:5)
  2 black bears
  2 ice beasts (D:5)
  2 ogres (D:4)
  A scorpion (D:5)
  A killer bee (D:5)
  A jelly (D:4)
  2 orc priests
  A sleepcap (D:4)
  3 iguanas
  Terence (D:3)
  4 orc wizards (D:4)
  11 gnolls
  6 adders
  A white imp (D:3)
  2 ufetubi (D:5)
  A worm (D:3)
  4 dart slugs
  16 orcs
  5 ball pythons
  A bat (D:2)
  6 endoplasms
  3 giant cockroaches
  12 goblins
  11 hobgoblins
  13 jackals
  3 kobolds
  7 quokkas
  12 frilled lizards
  6 rats
141 creatures vanquished.

Notes
Turn   | Place    | Note
-------+----------+-------------------------------------------
     0 | D:1      | Gelion the Troll Shapeshifter began the quest for the Orb.
     0 | D:1      | Reached XP level 1. HP: 19/19 MP: 0/0
   134 | D:1      | Reached XP level 2. HP: 28/28 MP: 1/1
   389 | D:1      | Reached XP level 3. HP: 32/35 MP: 2/2
  1549 | D:2      | Reached XP level 4. HP: 35/42 MP: 3/3
  1648 | D:3      | Found Riusir's Antique Armour Emporium.
  1653 | D:3      | Found Rauhod's Magic Scroll Emporium.
  1657 | D:3      | Found Gyximy's Antique Weapon Boutique.
  1758 | D:3      | Found Gecofo's Antique Weapon Shoppe.
  1960 | D:3      | Reached skill level 4 in Shapeshifting
  1960 | D:3      | Reached XP level 5. HP: 18/50 MP: 4/4
  2004 | D:3      | Found Zaevukhlo's Magic Scroll Boutique.
  2070 | D:3      | Noticed Terence
  2084 | D:3      | Killed Terence
  2461 | D:3      | Found an ornate altar of the Wu Jian Council.
  2624 | D:4      | Reached XP level 6. HP: 48/59 MP: 5/5
  2673 | D:4      | Reached skill level 5 in Shapeshifting
  2770 | D:4      | Reached skill level 5 in Unarmed Combat
  2770 | D:4      | Reached XP level 7. HP: 67/67 MP: 6/6
  2936 | D:4      | Reached skill level 6 in Shapeshifting
  3235 | D:5      | Entered Level 5 of the Dungeon
  3322 | D:5      | Found a staircase to the Ecumenical Temple.
  3386 | Temple   | Entered the Ecumenical Temple
  3546 | D:5      | Found a basalt altar of Yredelemnul.
  3562 | D:5      | Reached skill level 7 in Shapeshifting
  3600 | D:5      | Reached XP level 8. HP: 63/78 MP: 7/7
  4032 | D:5      | Reached skill level 8 in Shapeshifting
  4033 | D:5      | Noticed a hornet
  4095 | D:5      | Paralysed by a hornet for 1 turns
  4100 | D:5      | HP: 3/70 [poisoned by a hornet]
  4100 | D:5      | Slain by a hornet

Illustrated notes

Levels and vault maps discovered:
D:1:      nicolae_arrival_washed_ashore, layout_basic
D:2:      layout_basic
D:3:      layout_loops_ring, nzn_wu_jian_council_hall, serial_shops, shop, shop,
          shop, shop, shop, uniq_terence
D:4:      minmay_inner_zag, layout_basic, hangedman_decor_riveting
D:5:      layout_loops_ring, lemuel_crystal_altar, mainiacjoe_overflow_alcove_2,
          minmay_temple_entry_butterflies, minmay_manual_mullet
Temple:   hellmonk_temple_beads

Skill      XL: |  1  2  3  4  5  6  7  8 |
---------------+-------------------------+-----
Fighting       | 2 3 4 |  4.1
Unarmed Combat | 3 4 5 6 |  6.9
Shapeshifting  | 4 5 7 8 |  8.0
Dodging        | |  1.5

Action                     |  1- 3 |  4- 6 |  7- 9 || total
---------------------------+-------+-------+-------++-------
  Melee: Unarmed           |   102 |   113 |   101 ||   316
         Punch             |       |     2 |     4 ||     6
  Evoke: Wand              |       |       |     5 ||     5
    Use: Scroll            |       |    10 |     2 ||    12
   Stab: Sleeping          |     2 |       |       ||     2
 Armour: Animal skin       |    31 |    21 |    13 ||    65
  Dodge: Dodged            |    39 |    36 |    47 ||   122
   Form: Blade             |       |       |     1 ||     1

Table legend: (Time is in decaauts)
 A = Elapsed time spent in this place.
 B = Non-inter-level travel time spent in this place.
 C = Inter-level travel time spent in this place.
 D = Time resting spent in this place.
 E = Time spent auto-exploring this place.
 F = Levels seen in this place.
 G = Mean time per level.
                   A        B        C        D        E       F      G
               +--------+--------+--------+--------+--------+-----+--------+
         Total |   4076 |   3965 |    111 |     42 |   3141 |   6 |  679.3 |
       Dungeon |   3968 |   3869 |     99 |     42 |   3055 |   5 |  793.6 |
        Temple |    108 |     96 |     12 |      0 |     86 |   1 |  108.0 |
               +--------+--------+--------+--------+--------+-----+--------+

Top non-repeatable levels by time:
     D:1: 942 daAuts
     D:3: 844 daAuts
     D:5: 754 daAuts
     D:4: 728 daAuts
     D:2: 698 daAuts
  Temple: 108 daAuts
